 Dungeon Crawl Stone Soup version 0.19.1-1-g22dce08 (webtiles) character file.

536 nikopol the Skirmisher (level 7, -1/44 HPs)
             Began as a Gargoyle Berserker on Jan 17, 2017.
             Was a Priest of Trog.
             Killed from afar by Thrillho's ghost (7 damage)
             ... with a rocky blast
             ... on level 5 of the Dungeon.
             The game lasted 00:08:42 (3349 turns).

nikopol the Skirmisher (Gargoyle Berserker)         Turns: 3349, Time: 00:08:43

Health: -1/44      AC: 15    Str: 21    XL:     7   Next: 25%
Magic:  7/7        EV:  9    Int:  7    God:    Trog [***...]
Gold:   315        SH:  0    Dex: 11    Spells: 0 memorised, 6 levels left

rFire  . . .     SeeInvis .     a - +2 hand axe (chop)
rCold  . . .     Gourm    .     p - +0 chain mail
rNeg   + . .     Faith    .     (no shield)
rPois  ∞         Spirit   .     (no helmet)
rElec  +         Reflect  .     (no cloak)
rCorr  .         Harm     .     y - +0 pair of gloves
MR     .....                    (no boots)
Stlth  ..........               (no amulet)
                                (no ring)
                                (no ring)

@: exhausted, slowed, very slow
A: negative energy resistance 1, electricity resistance, unbreathing,
petrification resistance, rot immunity, AC +4
a: Berserk, Trog's Hand, Burn Spellbooks, Renounce Religion


You were on level 5 of the Dungeon.
You worshipped Trog.
Trog was most pleased with you.
You were near starving.

You visited 1 branch of the dungeon, and saw 5 of its levels.

You collected 315 gold pieces.

Inventory:

Hand Weapons
 a - a +2 hand axe of chopping (weapon)
 v - a +0 hand axe
Missiles
 d - 74 arrows (quivered)
Armour
 b - a +0 animal skin
 g - a +0 leather armour
 l - a +0 ring mail
 p - a +0 chain mail (worn)
 y - a +0 pair of gloves (worn)
Jewellery
 r - an uncursed amulet of guardian spirit {unknown}
 s - a +4 ring of evasion {unknown}
 u - a cursed ring of loudness {unknown}
 A - an uncursed amulet of regeneration {unknown}
Wands
 m - a wand of enslavement (6/24)
 t - a wand of lightning (6/15)
Scrolls
 e - 3 scrolls of remove curse {unknown}
 f - 2 scrolls of fear {unknown}
 i - 2 scrolls of blinking {unknown}
 k - 2 scrolls of enchant weapon {unknown}
 n - 7 scrolls of identify {unknown}
 q - a scroll of magic mapping {unknown}
Potions
 h - 2 potions of heal wounds {unknown}
 o - a potion of lignification {unknown}
 w - 3 potions of curing {unknown}
 x - 2 potions of haste {unknown}
Comestibles
 c - 4 bread rations
 j - 5 meat rations
 z - a slice of pizza


   Skills:
 + Level 5.0 Fighting
 + Level 4.2 Axes
 + Level 4.5 Armour
 + Level 3.5 Dodging


You had 6 spell levels left.
You didn't know any spells.

Dungeon Overview and Level Annotations

Branches:
Dungeon (5/15)             Temple (0/1) D:4

Altars:
Elyvilon
Trog
Uskayaw

Annotations:
D:5 Thrillho's ghost, novice GrEE


Innate Abilities, Weirdness & Mutations

You are resistant to torment.
Your stone body is resilient. (AC +4)
You are immune to poison.
You resist negative energy. (rN+)
You are resistant to electric shocks. (rElec)
You can survive without breathing.
You are immune to petrification.
You are immune to rotting.


Message History

The rocky blast hits you!
You hit Thrillho's ghost but do no damage.
Thrillho's ghost is almost destroyed.
Thrillho's ghost hits you!
Thrillho's ghost hits you but does no damage.
Your chain mail prevents you from hitting Thrillho's ghost.
Thrillho's ghost is almost destroyed.
Thrillho's ghost points at you and mumbles some strange words.
The stone arrow hits you!
You hit Thrillho's ghost but do no damage.
Thrillho's ghost is almost destroyed.
Thrillho's ghost hits you but does no damage.
Thrillho's ghost points at you and mumbles some strange words.
The stone arrow hits you!
* * * LOW HITPOINT WARNING * * *
Okay, then.
Thrillho's ghost screams, "They lied to you.
The Dungeon just goes down and down forever."
Thrillho's ghost points at you and mumbles some strange words.
The rocky blast hits you!
You die...

#.# #......##..######.######
#.##
##.####.##..##..........###
##.###.##
#.#.........<........ ##...##
##......#.#.##.##..### ##.##
#.........#.##.##..# # #.#
##.##.#####.##.....# #
#####.#### ####.# #.##.##.## #
#).......# #.# #.##.##.####
#.###.##.# ##@## #...........
#..##.# ##...## ####.#######
#.###.#####..W..## #.## #
#.#..............#####..##
#.##.....###.........##.....##
...........+.........'.......#
###....####.........##.#...##
#......###.......###.#...#
###.##.# #......## #.##..#


You could see Thrillho's ghost.

Vanquished Creatures
  A phantom (D:4)
  Blork the orc (D:4)
  A crimson imp (D:4)
  An orc priest (D:4)
  Ijyb (D:2)
  2 orc wizards
  Natasha (D:4)
  Robin (D:4)
  3 gnolls (D:4)
  5 adders
  An adder skeleton (D:4)
  2 worms
  2 dart slugs
  6 leopard geckos
  8 orcs
  A ball python (D:4)
  10 bats
  7 giant cockroaches
  7 hobgoblins
  11 jackals
  5 kobolds
  4 quokkas
  A frilled lizard (D:3)
  13 goblins
  5 rats
100 creatures vanquished.

Notes
Turn   | Place    | Note
-------+----------+-------------------------------------------
     0 | D:1      | nikopol the Gargoyle Berserker began the quest for the Orb.
     0 | D:1      | Reached XP level 1. HP: 14/14 MP: 1/1
   319 | D:1      | Reached XP level 2. HP: 19/19 MP: 2/2
   983 | D:2      | Reached XP level 3. HP: 23/23 MP: 3/3
  1164 | D:2      | Noticed Ijyb
  1197 | D:2      | Killed Ijyb
  1197 | D:2      | Reached XP level 4. HP: 23/29 MP: 4/4
  1322 | D:2      | Found a white marble altar of Elyvilon.
  1574 | D:2      | Reached ** piety under Trog
  1650 | D:2      | Reached skill level 4 in Fighting
  1705 | D:3      | Reached XP level 5. HP: 33/33 MP: 5/5
  2552 | D:3      | Found a bloodstained altar of Trog.
  2595 | D:4      | Reached XP level 6. HP: 39/39 MP: 6/6
  2685 | D:4      | Noticed Blork the orc
  2688 | D:4      | Noticed Natasha
  2697 | D:4      | Killed Natasha
  2698 | D:4      | Killed Blork the orc
  2706 | D:4      | Reached *** piety under Trog
  2863 | D:4      | Noticed Robin
  2880 | D:4      | Killed Robin
  2887 | D:4      | Reached XP level 7. HP: 40/44 MP: 7/7
  2911 | D:4      | Found a staircase to the Ecumenical Temple.
  2977 | D:4      | Found a hide-covered altar of Uskayaw.
  3050 | D:4      | Reached skill level 5 in Fighting
  3183 | D:5      | Entered Level 5 of the Dungeon
  3323 | D:5      | Noticed Thrillho's ghost (novice GrEE)
  3349 | D:5      | Killed from afar by Thrillho's ghost

Skill      XL: |  1  2  3  4  5  6  7 |
---------------+----------------------+-----
Axes           | 3 4 |  4.2
Dodging        | 2 3 |  3.5
Armour         | 3 4 |  4.5
Fighting       | 4 5 |  5.0

Action                   |  1- 3 |  4- 6 |  7- 9 || total
-------------------------+-------+-------+-------++-------
Melee: Hand axe          |   107 |   192 |    47 ||   346
Invok: Berserk           |       |     3 |     1 ||     4
  Eat: Chunk             |     1 |     8 |     1 ||    10
Armor: Leather armour    |    24 |       |       ||    24
       Animal skin       |     6 |       |       ||     6
       Ring mail         |    10 |       |       ||    10
       Chain mail        |    12 |   144 |    20 ||   176
Dodge: Dodged            |    60 |   107 |    12 ||   179
